 Dungeon Crawl Stone Soup version 0.20-a0-222-gb69ddcd (webtiles) character file.

415 patrickswayze the Covert (level 6, -3/36 HPs)
             Began as a Deep Elf Chaos Knight on Nov 30, 2016.
             Slain by a worker ant (6 damage)
             ... on level 4 of the Dungeon.
             The game lasted 00:07:29 (3353 turns).

patrickswayze the Covert (Deep Elf Chaos Knight)    Turns: 3353, Time: 00:07:29

Health: -3/36      AC:  7    Str:  9    XL:     6   Next: 60%
Magic:  8/8        EV:  9    Int: 17    God:    Xom [..*...]
Gold:   206        SH:  0    Dex: 16    Spells: 5/5 levels left

rFire  . . .     SeeInvis .     a - +0 dagger (elec)
rCold  . . .     Gourm    .     h - +2 leather armour
rNeg   . . .     Faith    .     (no shield)
rPois  .         Spirit   .     (no helmet)
rElec  .         Reflect  .     s - +1 cloak
rCorr  .         Harm     .     (no gloves)
MR     +....                    (no boots)
Stlth  +++++.....               (no amulet)
                                d - ring of protection from magic
                                f - ring of stealth

@: lethally poisoned (-3 -> -15), flying, constricted
A: no striking features
a: Renounce Religion


You were on level 4 of the Dungeon.
You worshipped Xom.
You were a toy of Xom.
You were not hungry.

You visited 1 branch of the dungeon, and saw 4 of its levels.

You collected 206 gold pieces.


   Skills:
 - Level 2.4 Fighting
 + Level 4.1 Short Blades
 - Level 0.7 Armour
 - Level 2.4 Dodging
 - Level 8.1 Stealth


You had 5 spell levels left.
You didn't know any spells.

Inventory:

Hand Weapons
 a - a +0 dagger of electrocution (weapon)
 b - a +0 short sword of chaos
 k - a +0 dagger of freezing
 w - a cursed -2 dagger
Missiles
 q - 77 stones (quivered)
Armour
 h - a +2 leather armour (worn)
 s - a +1 cloak (worn)
Jewellery
 d - a ring of protection from magic (right hand)
 f - a ring of stealth (left hand)
 o - a cursed ring of teleportation {unknown}
 r - an uncursed ring of protection from magic
 y - an uncursed ring of protection from cold {unknown}
Scrolls
 j - a scroll of enchant weapon
 l - a scroll of random uselessness {unknown}
 n - 3 scrolls of remove curse
 u - a scroll of fear {unknown}
 x - 2 scrolls of immolation {unknown}
 A - a scroll of blinking {unknown}
Potions
 e - 2 potions of flight
Comestibles
 c - 3 bread rations
 g - 6 fruits
 i - 2 beef jerkies
 p - a slice of pizza
 z - a meat ration
 B - 4 chunks of flesh


Message History

It is a scroll of enchant weapon.
Your runed dagger glows red for a moment.
* * * LOW HITPOINT WARNING * * *
You feel sick. The worker ant barely misses you.
The ball python completely misses you. The ball python constricts you.
The worker ant barely misses you.
As you read the scroll labeled ERCHECR GEGHIOH, it crumbles to dust.
It is a scroll of enchant armour.
Your +0 cloak glows green for a moment.
* * * LOW HITPOINT WARNING * * *
You feel sick.
The ball python bites you but does no damage.
The ball python constricts you.
The worker ant bites you but does no damage.
Some of the chunks of flesh in your inventory have rotted away.
You completely miss the worker ant.
The worker ant is severely wounded.
* * * LOW HITPOINT WARNING * * *
You feel sick. The ball python barely misses you.
The ball python constricts you. The worker ant bites you.
You die...

##....#..........# . #..
........................#..
#.............................
#.............................
#.....#.....................##
#....##.......#+#............#
#....##......................#
#....##.......S..............#
#............@a...............
#...................#........#
###.................#.........
#.................#...##....
#............#....#...##....
#............#....#)..##....
#............#....#...##....
###.##########....#...##....
#.# #...##....


You could see a worker ant and a ball python.

Vanquished Creatures
  A scorpion (D:4)
  2 orc wizards
  Crazy Yiuf (D:3)
  An orc priest (D:3)
  A hound (D:4)
  2 worker ants (D:4)
  A worker ant zombie (D:4)
  4 adders
  An ooze (D:1)
  A worm (D:3)
  A dart slug (D:2)
  2 leopard geckos
  7 orcs
  A ball python (D:2)
  7 giant cockroaches
  10 goblins
  11 hobgoblins
  12 jackals
  A quokka (D:2)
  8 bats
  4 frilled lizards
  3 kobolds
  43 rats
  2 fungi (D:3)
127 creatures vanquished.

Notes
Turn   | Place    | Note
-------+----------+-------------------------------------------
     0 | D:1      | patrickswayze the Deep Elf Chaos Knight began the quest for the Orb.
     0 | D:1      | Reached XP level 1. HP: 13/13 MP: 3/3
    19 | D:1      | Reached skill level 1 in Stealth
    83 | D:1      | Reached skill level 2 in Stealth
    90 | D:1      | Reached XP level 2. HP: 11/18 MP: 4/4
   202 | D:1      | XOM: enchant monster (bad)
   281 | D:1      | Reached skill level 3 in Stealth
   306 | D:1      | XOM: harmless Pois miscast
   397 | D:1      | XOM is BORED!
   474 | D:1      | XOM: confusion (+ monsters)
   631 | D:1      | XOM: harmless Erth miscast
   783 | D:1      | XOM: mild Necr miscast
   786 | D:1      | Reached XP level 3. HP: 19/21 MP: 5/5
   945 | D:1      | Reached skill level 4 in Stealth
  1485 | D:2      | Reached XP level 4. HP: 26/26 MP: 6/6
  1615 | D:2      | Reached skill level 5 in Stealth
  1617 | D:2      | XOM: mild Fire miscast
  1987 | D:3      | Found a runed door.
  1987 | D:3      | XOM: 2-stop teleportation journey
  1989 | D:3      | Noticed Crazy Yiuf
  1993 | D:3      | Killed Crazy Yiuf
  1993 | D:3      | Reached skill level 6 in Stealth
  1993 | D:3      | Reached XP level 5. HP: 30/30 MP: 7/7
  2382 | D:3      | XOM: enchant monster (bad)
  2392 | D:3      | Reached skill level 7 in Stealth
  2595 | D:3      | XOM: stat loss: -1 Int (16/17)
  2773 | D:4      | XOM: 2-stop teleportation journey
  2817 | D:4      | Found a staircase to the Ecumenical Temple.
  2926 | D:4      | Reached XP level 6. HP: 35/35 MP: 8/8
  3008 | D:4      | Reached skill level 8 in Stealth
  3086 | D:4      | XOM: mild Fire miscast
  3350 | D:4      | HP: 7/36 [worker ant (1)]
  3353 | D:4      | HP: 3/36 [poisoned by a worker ant]
  3353 | D:4      | Slain by a worker ant

Vault maps used:
D:1:      onia_arrival_larder, minmay_door_square
D:2:      first_bread, kennysheep_cluttered_room, minmay_rats_cheesy_pizza
D:3:      kennysheep_big_flooded_room, minmay_gold_behind_fungi,
          small_statue_alley_b, uniq_crazy_yiuf_cottage

Action                   |  1- 3 |  4- 6 || total
-------------------------+-------+-------++-------
Melee: Short sword       |    52 |       ||    52
       Dagger            |   129 |   200 ||   329
Throw: Stone             |       |     4 ||     4
  Use: Scroll            |     3 |     3 ||     6
       Potion            |       |     3 ||     3
 Stab: Sleeping          |     9 |    15 ||    24
  Eat: Chunk             |     2 |     6 ||     8
Armor: Leather armour    |    57 |    53 ||   110
Dodge: Dodged            |   101 |    88 ||   189
